 Dungeon Crawl Stone Soup version 0.15.0-12-gccce430 (webtiles) character file.

259 Aelig the Changer (level 6, 0/57 HPs)
             Began as an Octopode Transmuter on Sept 2, 2014.
             Succumbed to an adder's poison
             ... on Level 5 of the Dungeon.
             The game lasted 00:14:34 (4843 turns).

Aelig the Changer (Octopode Transmuter)             Turns: 4843, Time: 00:14:34

HP   0/57        AC  1     Str 14      XL: 6   Next: 17%
MP  10/10        EV 13     Int 17      God:
Gold 229         SH  0     Dex 13      Spells:  3 memorised,  3 levels left

rFire  . . .     SeeInvis .     e - +5 dagger (venom)
rCold  . . .     Clarity  .     (no shield)
rNeg   . . .     rCorr    .     (helmet restricted)
rPois  .         rRot     .     (no amulet)
rElec  .         Spirit   .     (no ring)
SustAb .         Warding  .     (no ring)
rMut   .         Stasis   .     (no ring)
Gourm  .                        (no ring)
MR     .....                    (no ring)
                                (no ring)
                                (no ring)
                                (no ring)

@: berserking, lethally poisoned, drained, very quick, not resistant to hostile
enchantments, extremely unstealthy
A: almost no armour, amphibious, 8 rings, constrict 8, camouflage 1, gelatinous
body 1
a: no special abilities


You were on level 5 of the Dungeon.
You were not hungry.

You visited 1 branch of the dungeon, and saw 5 of its levels.

You collected 229 gold pieces.

Inventory:

Hand weapons
 e - a +5 dagger of venom (weapon)
Missiles
 b - 12 arrows
 c - 65 stones (quivered)
Comestibles
 a - a bread ration
 j - 2 fruits
 n - a meat ration
 v - a beef jerky
 w - a chunk of hobgoblin flesh
Scrolls
 g - a scroll of recharging {unknown}
 h - 2 scrolls of fear {unknown}
 k - a scroll of remove curse {unknown}
 m - 4 scrolls of identify {unknown}
 o - 4 scrolls of teleportation {unknown}
 p - a scroll of immolation {unknown}
 q - a scroll of magic mapping {unknown}
 t - a scroll of fog {unknown}
Potions
 f - 3 potions of brilliance
 i - a potion of restore abilities {unknown}
 l - a potion of haste {unknown}
 r - a potion of poison {unknown}
 s - a potion of agility {unknown}
 u - a potion of cancellation {unknown}
 z - a potion of berserk rage
Books
 d - a book of Changes

   Spells                             Type                      Level
   *Beastly Appendage                 Transmutation                1
   *Sticks to Snakes                  Transmutation                2
   *Spider Form                       Transmutation/Poison         3
   Ice Form                           Ice/Transmutation            4
   Blade Hands                        Transmutation                5


   Skills:
 - Level 1.0(0.8) Fighting
 - Level 4.0(3.8) Dodging
 + Level 3.2(3.0) Unarmed Combat
 - Level 2.0(1.8) Spellcasting
 - Level 5.0(4.8) Transmutations


You had 3 spell levels left.
You knew the following spells:

 Your Spells              Type           Power        Failure   Level  Hunger
a - Beastly Appendage     Trmt           ###...       2%          1    #......
b - Sticks to Snakes      Trmt           ###.......   4%          2    ###....
c - Spider Form           Trmt/Pois      #.........   24%         3    ####...


Dungeon Overview and Level Annotations

Branches:
Dungeon (5/15)
 Temple: D:4-7

Altars:
Makhleb
Nemelex Xobeh
Vehumet

Annotations:
D:3 Hullebuh's ghost, average FoFi


Innate Abilities, Weirdness & Mutations

You cannot wear most types of armour.
You are amphibious.
You can wear up to eight rings at the same time.
You can use your tentacles to constrict many enemies at once.
Your skin changes colour to match your surroundings (Stealth).
Your rubbery body absorbs attacks (AC +1).


Message History

You closely miss the adder. Your grab misses the adder.
The adder is severely wounded.
The adder barely misses you. The adder bites you.
* * * LOW HITPOINT WARNING * * *
You hit the adder.
You kill the adder!
You feel sick. The hound zombie bites you.
* * * LOW HITPOINT WARNING * * *
Drink which item? (? for menu, Esc to quit)
A red film seems to cover your vision as you go berserk!
You feel yourself moving faster!
You feel mighty!
It was a potion of berserk rage.
The hound zombie bites you.
* * * LOW HITPOINT WARNING * * *
You slash the hound zombie! You grab the hound zombie.
You constrict the hound zombie. The hound zombie barely misses you.
You hit the hound zombie. You constrict the hound zombie.
The hound zombie barely misses you.
You barely miss the hound zombie. You squeeze the hound zombie!
You constrict the hound zombie.
You die...

#####
#@%.#
#..Z#.#
###.( #
##.# .#
.# .#
.# .


You could see a hound zombie.

Vanquished Creatures
  A scorpion (D:3)
  A hound (D:4)
  Jessica (D:2)
  6 adders
  4 gnolls (D:2)
  2 worms (D:2)
  5 orcs
  5 bats
  A giant cockroach (D:3)
  7 hobgoblins
  5 kobolds
  A quokka (D:3)
  A giant gecko (D:3)
  A giant gecko skeleton (D:4)
  3 giant newts
  7 goblins
  6 rats
57 creatures vanquished.

Notes
Turn   | Place    | Note
--------------------------------------------------------------
     0 | D:1      | Aelig, the Octopode Transmuter, began the quest for the Orb.
     0 | D:1      | Reached XP level 1. HP: 13/13 MP: 3/3
   615 | D:1      | Reached XP level 2. HP: 16/18 MP: 4/4
  1450 | D:2      | Noticed Jessica
  1460 | D:2      | Killed Jessica
  1460 | D:2      | Reached XP level 3. HP: 12/23 MP: 4/6
  1597 | D:2      | Reached skill level 4 in Transmutations
  1666 | D:2      | Reached XP level 4. HP: 20/28 MP: 7/7
  2071 | D:1      | Learned a level 2 spell: Sticks to Snakes
  2075 | D:1      | Learned a level 3 spell: Spider Form
  2390 | D:2      | Found a radiant altar of Vehumet.
  2558 | D:2      | Reached skill level 5 in Transmutations
  2684 | D:3      | Reached XP level 5. HP: 33/33 MP: 5/9
  2955 | D:3      | Noticed Hullebuh's ghost (average FoFi)
  3136 | D:3      | Reached XP level 6. HP: 38/38 MP: 10/10
  3297 | D:3      | Found a burning altar of Makhleb.
  3720 | D:4      | Noticed a phantom
  4696 | D:4      | Found a sparkling altar of Nemelex Xobeh.
  4746 | D:5      | Entered Level 5 of the Dungeon
  4840 | D:5      | HP: 1/57 [hound zombie (2)]
  4843 | D:5      | Succumbed to an adder's poison

Action                   |  1- 3 |  4- 6 || total
-------------------------+-------+-------++-------
Melee: Unarmed           |    40 |    67 ||   107
       Dagger            |    14 |    72 ||    86
Throw: Stone             |       |     1 ||     1
 Cast: Beastly Appendage |     1 |     5 ||     6
       Spider Form       |       |    11 ||    11
  Use: Potion            |     2 |     1 ||     3
 Stab: Sleeping          |       |     3 ||     3
  Eat: Chunk             |     2 |     8 ||    10
       Fruit             |       |     5 ||     5
